 Dungeon Crawl Stone Soup version 0.31-a0-222-gefeffbb62a (webtiles) character file.

Game seed: 11076250291441221476

19168 BubbleThief the Fighter (level 12, 0/123 HPs)
             Began as a Naga Venom Mage on July 4, 2023.
             Was an Elder of Vehumet.
             Slain by a death yak (17 damage)
             ... on level 1 of the Lair of Beasts on July 5, 2023.
             The game lasted 00:30:58 (12239 turns).

BubbleThief the Fighter (Naga Venom Mage)          Turns: 12239, Time: 00:30:59

Health: 0/123      AC: 22    Str: 11    XL:     12   Next: 66%
Magic:  6/28       EV:  9    Int: 20    God:    Vehumet [****..]
Gold:   1074       SH:  0    Dex: 12    Spells: 14/35 levels left

rFire   + . .        y - +4 scimitar (protect)
rCold   . . .        (no shield)
rNeg    . . .        K - +3 leather armour {rF+}
rPois   +            j - +0 helmet
rElec   .            D - +1 cloak
rCorr   .            (no gloves)
SInv    +            (no barding)
Will    ++...        r - amulet of the acrobat
Stlth   ++           x - ring of willpower
HPRegen 0.40/turn    A - +4 ring of protection
MPRegen 0.21/turn

%: acrobat
@: under a protective aura, very slow
A: AC +4, large, see invisible, deformed body, poison resistance, slowness 2,
spit poison 1, naga tail 1
a: Spit Poison, Renounce Religion


You were on level 1 of the Lair of Beasts.
You worshipped Vehumet.
Vehumet was greatly pleased with you.
You visited 2 branches of the dungeon, and saw 12 of its levels.
You also visited: Volcano.

You collected 1074 gold pieces.

Inventory:

Hand Weapons
 g - a +0 dagger of venom
 l - a +0 long sword
 y - a +4 scimitar of protection (weapon)
Armour
 a - a +1 robe
 j - a +0 helmet (worn)
 D - a +1 cloak (worn)
 F - a +0 leather armour of fire resistance
 G - a +0 buckler
 K - a +3 leather armour of fire resistance (worn)
Jewellery
 k - a ring of positive energy
 r - an amulet of the acrobat (around neck)
 v - a ring of wizardry
 x - a ring of willpower (left hand)
 A - a +4 ring of protection (right hand)
Wands
 e - a wand of mindburst (3)
 z - a wand of roots (5)
 C - a wand of flame (18)
 E - a wand of polymorph (7)
 J - a wand of charming (1)
Scrolls
 c - 4 scrolls of noise {unknown}
 d - 12 scrolls of identify
 q - 2 scrolls of fog
 s - 2 scrolls of blinking
 u - a scroll of brand weapon
 w - 2 scrolls of teleportation
 B - a scroll of amnesia
 I - a scroll of butterflies {unknown}
Potions
 b - 2 potions of magic
 f - 3 potions of haste {unknown}
 h - 7 potions of curing {unknown}
 i - 2 potions of cancellation {unknown}
 m - a potion of heal wounds {unknown}
 n - 2 potions of attraction {unknown}
 o - 4 potions of degeneration {unknown}
 p - 2 potions of ambrosia {unknown}
 t - 3 potions of resistance {unknown}
 L - a potion of invisibility {unknown}


   Skills:
 - Level 12.4 Fighting
 - Level 1.5 Dodging
 - Level 3.0 Stealth
 - Level 12.0 Spellcasting
 + Level 6.6 Conjurations
 - Level 6.4 Transmutations
 * Level 2.4 Fire Magic
 - Level 6.1 Poison Magic


You had 14 spell levels left.
You knew the following spells:

 Your Spells              Type           Power      Damage    Failure   Level
a - Sting                 Tmut/Pois      100%       1d8       1%          1
b - Mephitic Cloud        Conj/Pois/Air  29%        N/A       1%          3
c - Olgreb's Toxic Radia  Pois           36%        N/A       1%          4
d - Frozen Ramparts       Ice            24%        1d4       6%          3
e - Irradiate             Conj/Tmut      19%        3d18      4%          5
f - Fireball              Conj/Fire      15%        3d8       9%          5

Your spell library contained the following spells:

 Spells                   Type           Power      Damage    Failure   Level
 Arcjolt                  Conj/Air       12%        1d22      14%         5
 Momentum Strike          Conj/Tloc      50%        3d9       1%          2
 Poisonous Vapours        Pois/Air       48%        N/A       1%          2
 Dazzling Flash           Conj/Hex       50%        N/A       1%          3
 Hailstorm                Conj/Ice       25%        3d7       1%          3
 Spider Form              Tmut/Pois      37%        N/A       1%          3
 Freeze                   Ice            48%        1d6       2%          1
 Flame Wave               Conj/Fire      30%        2d9       3%          4
 Summon Small Mammal      Summ           48%        N/A       8%          1
 Blink                    Tloc           24%        N/A       11%         2
 Ensorcelled Hibernation  Hex/Ice        24%        N/A       11%         2
 Lesser Beckoning         Tloc           24%        N/A       11%         2
 Blade Hands              Tmut           18%        N/A       14%         5
 Ice Form                 Ice/Tmut       24%        N/A       21%         4
 Freezing Cloud           Conj/Ice/Air   10%        6-21      21%         5
 Call Canine Familiar     Summ           12%        N/A       22%         3
 Gell's Gravitas          Tloc           12%        N/A       22%         3
 Portal Projectile        Hex/Tloc       24%        N/A       22%         3
 Summon Guardian Golem    Hex/Summ       12%        N/A       22%         3
 Teleport Other           Tloc           12%        N/A       22%         3
 Tukima's Dance           Hex            12%        N/A       22%         3
 Anguish                  Hex/Necr       6%         N/A       58%         4
 Summon Ice Beast         Ice/Summ       12%        N/A       58%         4
 Agony                    Necr           12%        N/A       90%         5
 Silence                  Hex/Air        6%         N/A       90%         5
 Dragon Form              Tmut           18%        N/A       99%         7
 Dispersal                Tloc           6%         N/A       100%        6


Dungeon Overview and Level Annotations

Branches:
Dungeon (11/15)            Temple (0/1) D:5            Lair (1/5) D:11
    Orc (0/2) D:10        Volcano (visited)

Altars:
Kikubaaqudgha
Vehumet

Shops:
D:10 [


Innate Abilities, Weirdness & Mutations

Your serpentine skin is tough. (AC +4)
You have supernaturally acute eyesight. (SInv)
Armour fits poorly on your strangely shaped body.
Your system is resistant to poisons. (rPois)
You cover ground very slowly.
You can spit poison.
You have a snake-like lower body.


Message History

The death yak misses you.
The death yak gores you but does no damage.
Your Fire Magic skill increases to level 2!
Unknown command.
Casting: Olgreb's Toxic Radiance (mildly dangerous; 1% risk of failure)
Confirm with . or Enter, or press ? or * to list all spells.
Aiming: Mephitic Cloud (safe; 1% risk of failure)
Press: ? - help, Shift-Dir - straight line, f - death yak
Aim: a death yak (lightly wounded, poisoned, chance to affect: 34%)
The ball explodes into a vile cloud!
The stinking cloud engulfs the death yak but does no damage.
The death yak is lightly wounded.
The stinking cloud engulfs you but does no damage.
You have got your breath back.
The death yak is engulfed in noxious fumes.
The death yak gores you!
* * * LOW HITPOINT WARNING * * *
Unknown command.
The death yak is engulfed in noxious fumes.
You see here a yak corpse.
Unknown command.
Casting: Mephitic Cloud (safe; 1% risk of failure)
Confirm with . or Enter, or press ? or * to list all spells.
Aiming: Mephitic Cloud (safe; 1% risk of failure)
Press: ? - help, Shift-Dir - straight line, f/p - death yak
Aim: a death yak (lightly wounded, poisoned, chance to affect: 34%)
The ball explodes into a vile cloud!
The stinking cloud engulfs the death yak but does no damage.
The death yak is lightly wounded.
The stinking cloud engulfs you but does no damage.
The stinking cloud engulfs the yak but does no damage.
The yak is almost dead.
The stinking cloud engulfs the death yak but does no damage.
The death yak is almost dead.
The death yak looks more healthy.
The yak seems less confused.
The death yak is engulfed in noxious fumes.
The death yak misses you.
The death yak is engulfed in noxious fumes.
The death yak gores you!
You die...

#..#..,,*#....##.......**,,,
#.#..,,,........#....#..,,,,
#.#*,,,.##......#.....,**,,,
#.#***#**#......#,..##***,,,
#.########......##.##P**,,,,
#.....................,,,,,,
#.....................,,,,,,
#.........$§Y§........,,,,,,
#..........@Y†.......,,,,,,,
#.#####.#.##Y°†......,,,,,,,
#.##***,#**#.○☼.#####,**,,,,
#..#*,,,** #....## *,***,,,
#..#*,,,,* #.....#***,* *,,,
#..#,,,,,* #.....#*,,,* *,,,
#.##*,,,,* #....##,,,,***,,,
#.# *,,,,* #....#**,,,,**,,,
#.# ***,** #....##***+***,,,


You could see 2 death yaks and a yak (very poisoned).

Vanquished Creatures
  Erolcha (D:9)
  A boulder beetle (D:11)
  A hell hog (Volcano)
  2 death yaks (Lair:1)
  A fire crab (Volcano)
  Lodul (D:11)
  A manticore (D:11)
  Maurice (D:8)
  A gargoyle (D:9)
  2 cane toads (Lair:1)
  Maggie (D:10)
  3 komodo dragons
  2 kobold demonologists (D:10)
  A troll (D:10)
  A wraith (D:10)
  Sigmund (D:3)
  A vampire (D:11)
  23 yaks
  4 fire bats (Volcano)
  2 vampire mosquitoes (D:11)
  2 acid dragons
  10 water moccasins
  3 hell hounds (Volcano)
  A sky beast (D:7)
  9 orc warriors
  An ice beast (D:7)
  A black bear (Lair:1)
  8 ogres
  A centaur (D:10)
  6 wolves (Lair:1)
  9 bullfrogs
  2 gnoll sergeants
  5 scorpions
  10 wights
  12 killer bees
  A howler monkey (D:11)
  A jelly (D:4)
  A gnoll bouda (D:9)
  3 hounds
  3 orc priests
  7 iguanas
  10 orc wizards
  7 gnolls
  9 adders
  A shadow imp (D:6)
  3 white imps
  2 ufetubi
  A dart slug (D:4)
  39 orcs
  7 endoplasms
  3 giant cockroaches
  10 goblins
  10 hobgoblins
  8 jackals
  2 quokkas
  8 ball pythons
  9 bats
  4 frilled lizards
  5 kobolds
  3 rats
288 creatures vanquished.

Vanquished Creatures (collateral kills)
  An ice beast (D:7)
  5 wights
6 creatures vanquished.

Vanquished Creatures (others)
  A yak (D:7)
  A wight (D:8)
2 creatures vanquished.

Grand Total: 296 creatures vanquished

Notes
Turn   | Place    | Note
-------+----------+-------------------------------------------
     0 | D:1      | BubbleThief the Naga Venom Mage began the quest for the
                  | Orb.
     0 | D:1      | Reached XP level 1. HP: 15/15 MP: 3/3
   159 | D:1      | Reached XP level 2. HP: 22/22 MP: 3/5
   551 | D:2      | Reached XP level 3. HP: 17/28 MP: 1/7
   844 | D:2      | Reached skill level 5 in Poison Magic
  1279 | D:2      | Reached XP level 4. HP: 36/36 MP: 8/8
  1668 | D:3      | Learned a level 3 spell: Mephitic Cloud
  1673 | D:3      | Learned a level 4 spell: Olgreb's Toxic Radiance
  2055 | D:3      | Noticed Sigmund
  2066 | D:3      | Killed Sigmund
  2067 | D:3      | Reached XP level 5. HP: 39/45 MP: 0/11
  2067 | D:3      | Reached XP level 6. HP: 45/52 MP: 0/12
  2593 | D:4      | Found an ancient bone altar of Kikubaaqudgha.
  2593 | D:4      | Found a radiant altar of Vehumet.
  2815 | D:4      | Reached XP level 7. HP: 56/62 MP: 5/14
  3513 | D:4      | Reached skill level 5 in Spellcasting
  3750 | D:4      | Reached skill level 5 in Fighting
  3750 | D:4      | Reached XP level 8. HP: 20/74 MP: 9/16
  3754 | D:4      | HP: 2/74 [frozen (5)]
  4129 | D:4      | Became a worshipper of Vehumet
  4171 | D:5      | Entered Level 5 of the Dungeon
  4823 | D:5      | Found a staircase to the Ecumenical Temple.
  5523 | D:6      | Reached * piety under Vehumet
  5523 | D:6      | Offered knowledge of Sandblast by Vehumet.
  5941 | D:7      | Noticed a yak
  5942 | D:7      | Reached XP level 9. HP: 70/86 MP: 10/20
  6411 | D:7      | Learned a level 3 spell: Frozen Ramparts
  7037 | D:8      | Reached XP level 10. HP: 76/99 MP: 19/23
  7376 | D:8      | Noticed Maurice
  7390 | D:8      | Killed Maurice
  7531 | D:8      | You fall into a shaft and drop 3 floors!
  7592 | D:11     | Noticed a manticore
  7604 | D:11     | Killed a manticore
  7604 | D:11     | Offered knowledge of Searing Ray by Vehumet.
  7699 | D:11     | Reached ** piety under Vehumet
  7700 | D:11     | Reached skill level 10 in Fighting
  7720 | D:10     | Entered Level 10 of the Dungeon
  7720 | D:10     | Noticed Lodul
  7730 | D:11     | Reached skill level 10 in Spellcasting
  7734 | D:11     | Killed Lodul
  7877 | D:10     | Noticed a kobold demonologist
  7885 | D:10     | Killed a kobold demonologist
  7890 | D:10     | Noticed a kobold demonologist
  7893 | D:10     | Noticed a sun demon
  7899 | D:10     | Killed a kobold demonologist
  7960 | D:10     | Upgraded the game from 0.31-a0-221-gbddc013574 to
                  | 0.31-a0-222-gefeffbb62a
  8233 | D:10     | Reached XP level 11. HP: 111/111 MP: 14/25
  8251 | D:10     | Found a staircase to the Orcish Mines.
  8253 | D:10     | Found Veiruda's Armour Boutique.
  8428 | D:10     | Noticed Maggie
  8437 | D:10     | Killed Maggie
  8984 | D:10     | Offered knowledge of Stone Arrow by Vehumet.
  9337 | D:9      | Noticed Erolcha
  9353 | D:9      | Killed Erolcha
  9523 | D:9      | Reached *** piety under Vehumet
 10580 | D:11     | Noticed a boulder beetle
 10598 | D:11     | Killed a boulder beetle
 10759 | D:11     | Learned a level 5 spell: Irradiate
 10805 | D:11     | Reached skill level 1 in Conjurations
 11017 | D:11     | Found a staircase to the Lair.
 11026 | D:11     | Offered knowledge of Flame Wave by Vehumet.
 11031 | Lair:1   | Entered Level 1 of the Lair of Beasts
 11145 | Lair:1   | Reached XP level 12. HP: 94/123 MP: 22/28
 11152 | Lair:1   | Found a dark tunnel.
 11161 | Volcano  | Entered a volcano
 11227 | Volcano  | Noticed a hell hog
 11234 | Volcano  | Killed a hell hog
 11240 | Volcano  | HP: 4/123 [hell hound/blast of flame (16)]
 11858 | Lair:1   | Reached skill level 5 in Transmutations
 11930 | Lair:1   | Reached skill level 5 in Conjurations
 11930 | Lair:1   | Reached **** piety under Vehumet
 11992 | Lair:1   | Got the Teachings on Stormy Kinetic Energy
 12015 | Lair:1   | Offered knowledge of Arcjolt by Vehumet.
 12019 | Lair:1   | Noticed a death yak
 12021 | Lair:1   | Noticed a death yak
 12030 | Lair:1   | Noticed a death yak
 12033 | Lair:1   | Noticed a death yak
 12035 | Lair:1   | Killed a death yak
 12123 | Lair:1   | Learned a level 5 spell: Fireball
 12227 | Lair:1   | Reached skill level 1 in Fire Magic
 12236 | Lair:1   | Killed a death yak
 12239 | Lair:1   | Slain by a death yak

Illustrated notes

Levels and vault maps discovered:
D:1:      minmay_arrival_five_plusses, layout_rooms
D:2:      layout_basic
D:3:      layout_basic, uniq_sigmund
D:4:      minmay_octagon_keep, layout_loops_ring,
          nicolae_overflow_two_pavilions, portal_sewer_entry_e
D:5:      layout_loops_ring, minmay_temple_entry_poolview
D:6:      layout_rooms
D:7:      layout_loops_ring, enter_bailey_2, hex_medium, reono_crystal_passage
D:8:      layout_loops_cross, nicolae_wwwww, uniq_maurice
D:9:      layout_basic, serial_corexii_hall, corexii_hall_statues_x,
          corexii_hall_statues_u, dreamdust_gnoll_shepherd, uniq_erolcha
D:10:     layout_loops_ring, orc_david_3, kennysheep_generic_room_7, uniq_lodul,
          uniq_maggie
D:11:     layout_rooms, grunt_lair_entry_orc_guard_hut,
          hangedman_decor_riveting, eino_jars
Lair:1:   layout_regular_city, nicolae_volcano_entry_hallway, grunt_megastairs_1

Skill      XL: |  1  2  3  4  5  6  7  8  9 10 11 12 |
---------------+-------------------------------------+-----
Poison Magic   | 5 6 |  6.1
Spellcasting   | 3 4 5 7 9 10 12 | 12.0
Fighting       | 2 3 5 7 9 11 12 | 12.4
Conjurations   | 3 6 |  6.6
Transmutations | 3 6 |  6.4
Fire Magic     | 2 |  2.4
Dodging        | |  1.5
Stealth        | |  3.0

Action                     |  1- 3 |  4- 6 |  7- 9 | 10-12 || total
---------------------------+-------+-------+-------+-------++-------
  Melee: Unarmed           |     2 |       |       |       ||     2
         Dagger            |    26 |    15 |       |       ||    41
         Long sword        |       |     4 |    82 |       ||    86
         Punch             |       |       |     2 |     4 ||     6
         Scimitar          |       |       |    54 |   210 ||   264
   Cast: Sting             |    38 |    34 |    29 |    44 ||   145
         Mephitic Cloud    |       |     2 |     2 |    25 ||    29
         Olgreb's Toxic Ra |       |     3 |    25 |    66 ||    94
         Frozen Ramparts   |       |       |       |     3 ||     3
         Irradiate         |       |       |       |     6 ||     6
Ability: Spit Poison       |    29 |    27 |    26 |    47 ||   129
  Evoke: Wand              |       |       |    16 |    21 ||    37
    Use: Scroll            |       |     5 |     5 |     3 ||    13
         Potion            |       |       |       |     1 ||     1
   Stab: Confused          |       |     1 |       |     4 ||     5
         Sleeping          |       |     1 |       |     1 ||     2
 Armour: Robe              |    12 |     7 |    50 |   131 ||   200
         Leather armour    |       |       |       |    70 ||    70
  Dodge: Dodged            |    24 |    21 |    90 |   184 ||   319

Table legend: (Time is in decaauts)
 A = Elapsed time spent in this place.
 B = Non-inter-level travel time spent in this place.
 C = Inter-level travel time spent in this place.
 D = Time resting spent in this place.
 E = Time spent auto-exploring this place.
 F = Levels seen in this place.
 G = Mean time per level.
                   A        B        C        D        E       F      G
               +--------+--------+--------+--------+--------+-----+--------+
         Total |  15092 |  14721 |    371 |    872 |  11346 |  13 | 1160.9 |
       Dungeon |  13681 |  13310 |    371 |    538 |  10751 |  11 | 1243.7 |
          Lair |    717 |    717 |      0 |    103 |    328 |   1 |  717.0 |
       Volcano |    693 |    693 |      0 |    231 |    266 |   1 |  693.0 |
               +--------+--------+--------+--------+--------+-----+--------+

Top non-repeatable levels by time:
     D:4: 2146 daAuts
    D:10: 1723 daAuts
     D:2: 1371 daAuts
     D:7: 1240 daAuts
     D:6: 1152 daAuts
     D:8: 1148 daAuts
     D:9: 1128 daAuts
    D:11: 1104 daAuts
     D:3: 1016 daAuts
     D:5: 972 daAuts
  Lair:1: 717 daAuts
 Volcano: 693 daAuts
     D:1: 675 daAuts
